[ AOE2 MATCH · #505150470 ]
UnrankedMapuche vs Romans
Player's team · WIN
Rival team · LOSS
[ REPLAY ANALYSIS · EXTRACTED FROM THE RECORDED GAME ]
Feudal
11:47
Castle
16:27
Imperial
35:51
| APM avg | 95.7 |
| APM peak | 154 |
| eAPM avg | 65.8 |
| Villagers / military | 227 / 109 |
Focus
⚔️ 73.3% · 🌾 26.7%
Kona ×54 · Bolas Rider ×33 · Archer ×6 · Trebuchet (Packed) ×6 · Mangonel ×5 · Monk ×3
Feudal
9:17
Castle
18:41
Imperial
39:15
| APM avg | 71.9 |
| APM peak | 104 |
| eAPM avg | 40.5 |
| Villagers / military | 144 / 61 |
Focus
⚔️ 55.7% · 🌾 44.3%
Scorpion ×27 · Spearman ×17 · Militia ×12 · Mangonel ×5
Match map
Initial resources + every placement click. Lines = walls · curves = elevation contours. ◆ gold · ⬟ stone · ● berries · ✦ relic · ◌ wall gap
Your base· Open — 1t gap
twitch.tv/s0laf1d3's base· Open — 2t gap
Smoothed initial terrain · ◌ = detected wall gap · hover for details
Inputs per minute
— Ux'LobodeLaNieve - - twitch.tv/s0laf1d3
Build order — Ux'LobodeLaNieve
First 150 of 441 actions detected
| 0:02 | Create | Villager (Male) |
| 0:02 | Create | Villager (Male) |
| 0:03 | Build | House |
| 0:05 | Build | House |
| 0:14 | Create | Villager (Male) |
| 0:16 | Create | Villager (Male) |
| 1:24 | Create | Villager (Male) |
| 1:45 | Build | Settlement |
| 2:00 | Create | Villager (Male) |
| 2:25 | Create | Villager (Male) |
| 2:25 | Create | Villager (Male) |
| 2:41 | Create | Villager (Male) |
| 2:57 | Create | Villager (Male) |
| 3:22 | Create | Villager (Male) |
| 3:47 | Create | Villager (Male) |
| 4:32 | Build | Barracks |
| 4:36 | Create | Villager (Male) |
| 4:42 | Create | Villager (Male) |
| 4:56 | Build | House |
| 5:02 | Create | Villager (Male) |
| 5:10 | Create | Villager (Male) |
| 5:10 | Create | Villager (Male) |
| 5:29 | Create | Unit 2550 |
| 5:33 | Build | House |
| 5:38 | Create | Villager (Male) |
| 5:54 | Create | Unit 2550 |
| 6:12 | Build | House |
| 6:41 | Create | Villager (Male) |
| 6:48 | Research | Loom |
| 6:49 | Create | Villager (Male) |
| 7:07 | Build | Settlement |
| 7:07 | Create | Villager (Male) |
| 7:11 | Create | Villager (Male) |
| 7:13 | Create | Villager (Male) |
| 7:20 | Build | Palisade Wall |
| 7:21 | Build | Palisade Wall |
| 7:29 | Build | Palisade Wall |
| 7:30 | Build | Palisade Wall |
| 7:31 | Build | Palisade Wall |
| 7:36 | Build | Palisade Wall |
| 7:38 | Build | Palisade Wall |
| 7:39 | Build | Palisade Wall |
| 7:40 | Build | Palisade Wall |
| 7:41 | Build | Palisade Wall |
| 7:47 | Create | Villager (Male) |
| 7:47 | Create | Villager (Male) |
| 7:48 | Create | Villager (Male) |
| 7:49 | Create | Villager (Male) |
| 7:51 | Create | Villager (Male) |
| 7:51 | Create | Villager (Male) |
| 8:02 | Create | Villager (Male) |
| 8:12 | Create | Villager (Male) |
| 8:14 | Build | Farm |
| 8:16 | Build | Farm |
| 8:27 | Create | Villager (Male) |
| 8:42 | Build | Farm |
| 8:43 | Create | Villager (Male) |
| 8:53 | Create | Villager (Male) |
| 9:03 | Create | Villager (Male) |
| 9:21 | Build | Settlement |
| 9:24 | Build | Palisade Wall |
| 9:26 | Build | Palisade Wall |
| 9:29 | Build | Palisade Wall |
| 9:33 | Research | Feudal Age |
| 9:35 | Build | Palisade Wall |
| 9:36 | Build | Palisade Wall |
| 9:39 | Build | Palisade Wall |
| 9:59 | Build | Palisade Wall |
| 10:01 | Build | Palisade Wall |
| 10:48 | Build | Palisade Wall |
| 11:01 | Build | Palisade Wall |
| 11:02 | Build | Palisade Wall |
| 11:03 | Build | Palisade Wall |
| 11:20 | Create | Villager (Male) |
| 11:47 | Age | Feudal Age |
| 11:49 | Build | Watch Tower |
| 11:50 | Create | Villager (Male) |
| 12:05 | Build | Palisade Wall |
| 12:15 | Build | Blacksmith |
| 12:30 | Build | Watch Tower |
| 12:34 | Create | Villager (Male) |
| 12:43 | Build | Archery Range |
| 12:59 | Create | Villager (Male) |
| 13:12 | Build | Archery Range |
| 13:15 | Build | House |
| 13:36 | Create | Archer |
| 13:47 | Research | Castle Age |
| 13:47 | Research | Castle Age |
| 14:15 | Create | Archer |
| 14:27 | Create | Archer |
| 14:27 | Create | Archer |
| 14:55 | Create | Archer |
| 14:55 | Create | Archer |
| 15:23 | Research | Fletching |
| 15:23 | Research | Fletching |
| 15:44 | Build | House |
| 16:08 | Build | House |
| 16:27 | Age | Castle Age |
| 16:30 | Create | Bolas Rider |
| 16:30 | Create | Bolas Rider |
| 16:31 | Create | Villager (Male) |
| 16:45 | Create | Villager (Male) |
| 16:49 | Build | University |
| 16:49 | Create | Villager (Male) |
| 16:56 | Create | Villager (Male) |
| 16:56 | Create | Villager (Male) |
| 16:57 | Create | Villager (Male) |
| 16:57 | Create | Villager (Male) |
| 16:58 | Create | Villager (Male) |
| 17:01 | Create | Bolas Rider |
| 17:01 | Create | Bolas Rider |
| 17:02 | Create | Villager (Male) |
| 17:02 | Create | Villager (Male) |
| 17:06 | Create | Villager (Male) |
| 17:06 | Create | Villager (Male) |
| 17:13 | Create | Bolas Rider |
| 17:13 | Create | Bolas Rider |
| 17:20 | Create | Villager (Male) |
| 17:38 | Create | Villager (Male) |
| 17:38 | Create | Bolas Rider |
| 17:49 | Research | Town Watch |
| 17:49 | Research | Town Watch |
| 17:51 | Research | Double-Bit Axe |
| 17:51 | Research | Horse Collar |
| 18:03 | Create | Villager (Male) |
| 18:22 | Create | Bolas Rider |
| 18:22 | Create | Bolas Rider |
| 18:42 | Create | Villager (Male) |
| 18:42 | Create | Villager (Male) |
| 18:45 | Create | Villager (Male) |
| 18:47 | Create | Bolas Rider |
| 18:47 | Create | Bolas Rider |
| 19:05 | Create | Villager (Male) |
| 19:07 | Create | Villager (Male) |
| 19:13 | Create | Villager (Male) |
| 19:14 | Create | Villager (Male) |
| 19:14 | Create | Villager (Male) |
| 19:14 | Create | Villager (Male) |
| 19:35 | Create | Villager (Male) |
| 19:47 | Research | Ballistics |
| 19:57 | Create | Villager (Male) |
| 19:57 | Create | Villager (Male) |
| 20:10 | Create | Bolas Rider |
| 20:10 | Create | Bolas Rider |
| 20:42 | Build | Town Center |
| 20:57 | Research | Padded Archer Armor |
| 20:57 | Research | Padded Archer Armor |
| 20:58 | Research | Bodkin Arrow |
| 20:58 | Research | Bodkin Arrow |
| 21:00 | Create | Villager (Male) |
Build order — twitch.tv/s0laf1d3
First 150 of 370 actions detected
| 0:00 | Create | Villager (Male) ×4 |
| 0:02 | Build | House |
| 0:03 | Build | House |
| 1:22 | Create | Villager (Male) |
| 1:42 | Build | Lumber Camp |
| 1:52 | Create | Villager (Male) |
| 2:22 | Create | Villager (Male) |
| 2:45 | Create | Villager (Male) |
| 2:59 | Create | Villager (Male) |
| 3:27 | Build | House |
| 3:36 | Create | Villager (Male) |
| 3:45 | Create | Villager (Male) |
| 3:47 | Build | House |
| 4:24 | Create | Villager (Male) |
| 4:55 | Create | Villager (Male) |
| 5:14 | Build | Barracks |
| 5:20 | Create | Villager (Male) |
| 5:52 | Create | Villager (Male) |
| 6:03 | Create | Villager (Male) |
| 6:42 | Research | Loom |
| 6:45 | Build | Mining Camp |
| 6:50 | Create | Militia |
| 6:51 | Create | Militia |
| 7:02 | Research | Feudal Age |
| 7:24 | Build | Palisade Wall |
| 7:24 | Build | Palisade Wall |
| 7:26 | Build | Palisade Wall |
| 7:26 | Build | Palisade Wall |
| 7:33 | Build | Palisade Wall |
| 7:34 | Build | Palisade Wall |
| 7:34 | Build | Palisade Wall |
| 7:34 | Build | Palisade Wall |
| 7:38 | Create | Militia |
| 7:48 | Build | House |
| 8:38 | Create | Villager (Male) |
| 8:48 | Create | Militia |
| 9:17 | Age | Feudal Age |
| 9:19 | Research | Man-at-Arms (upgrade) |
| 9:24 | Build | Blacksmith |
| 9:28 | Create | Militia |
| 9:44 | Research | Double-Bit Axe |
| 9:44 | Research | Double-Bit Axe |
| 9:48 | Create | Villager (Male) |
| 10:09 | Create | Villager (Male) |
| 10:14 | Build | Mill |
| 10:33 | Build | House |
| 10:41 | Create | Villager (Male) |
| 10:59 | Create | Villager (Male) |
| 11:16 | Build | Palisade Wall |
| 11:17 | Build | Palisade Wall |
| 11:20 | Build | Palisade Wall |
| 11:21 | Build | Palisade Wall |
| 11:21 | Build | Palisade Wall |
| 11:22 | Build | Palisade Wall |
| 11:29 | Create | Villager (Male) |
| 11:48 | Build | Farm |
| 11:51 | Build | Farm |
| 11:56 | Create | Villager (Male) |
| 12:01 | Research | Scale Mail Armor |
| 12:01 | Research | Scale Mail Armor |
| 12:16 | Build | Farm |
| 12:18 | Build | Farm |
| 12:18 | Create | Villager (Male) |
| 12:32 | Create | Militia |
| 12:35 | Build | Farm |
| 12:53 | Create | Villager (Male) |
| 13:09 | Create | Villager (Male) |
| 13:28 | Build | Farm |
| 13:28 | Build | Farm |
| 13:28 | Build | Farm |
| 13:30 | Build | House |
| 14:01 | Build | House |
| 14:04 | Create | Villager (Male) |
| 14:12 | Research | Forging |
| 14:49 | Create | Villager (Male) |
| 14:52 | Build | Market |
| 15:06 | Create | Villager (Male) |
| 16:01 | Research | Castle Age |
| 16:48 | Create | Militia |
| 16:53 | Create | Villager (Male) ×2 |
| 16:58 | Build | Barracks |
| 17:19 | Build | Watch Tower |
| 17:29 | Create | Militia |
| 17:48 | Build | Farm |
| 17:49 | Build | Farm |
| 17:51 | Build | Farm |
| 17:53 | Build | Farm |
| 17:55 | Create | Militia |
| 18:41 | Age | Castle Age |
| 18:43 | Research | Long Swordsman (upgrade) |
| 18:44 | Research | Squires |
| 18:53 | Create | Villager (Male) |
| 19:31 | Build | Siege Workshop |
| 19:36 | Research | Chain Mail Armor |
| 20:00 | Create | Scorpion |
| 20:12 | Create | Villager (Male) |
| 20:14 | Create | Scorpion |
| 20:15 | Create | Villager (Male) |
| 20:33 | Create | Scorpion |
| 20:41 | Create | Villager (Male) |
| 20:46 | Create | Scorpion |
| 20:47 | Create | Villager (Male) |
| 20:50 | Build | Farm |
| 20:52 | Build | Farm |
| 20:55 | Build | Farm |
| 20:59 | Research | Horse Collar |
| 21:11 | Create | Militia |
| 21:23 | Create | Villager (Male) |
| 21:48 | Create | Militia |
| 21:54 | Build | Town Center |
| 22:02 | Create | Villager (Male) |
| 22:23 | Create | Villager (Male) |
| 22:27 | Build | House |
| 22:28 | Create | Scorpion |
| 22:30 | Create | Militia |
| 22:40 | Create | Villager (Male) |
| 22:41 | Build | House |
| 23:03 | Create | Villager (Male) |
| 23:07 | Build | Lumber Camp |
| 23:16 | Create | Villager (Male) |
| 23:33 | Create | Villager (Male) |
| 23:36 | Create | Villager (Male) |
| 23:44 | Create | Villager (Male) |
| 23:54 | Create | Scorpion |
| 24:02 | Create | Villager (Male) |
| 24:10 | Build | University |
| 24:12 | Create | Villager (Male) |
| 24:23 | Create | Villager (Male) |
| 24:38 | Create | Villager (Male) |
| 24:48 | Create | Scorpion |
| 24:49 | Create | Villager (Male) |
| 25:00 | Create | Villager (Male) |
| 25:06 | Create | Scorpion |
| 25:08 | Create | Spearman |
| 25:13 | Create | Spearman |
| 25:14 | Create | Villager (Male) |
| 25:23 | Create | Villager (Male) |
| 25:35 | Build | House |
| 25:36 | Build | House |
| 25:40 | Research | Wheelbarrow |
| 25:54 | Create | Villager (Male) |
| 25:56 | Create | Spearman |
| 25:58 | Create | Spearman |
| 26:07 | Research | Pikeman (upgrade) |
| 26:07 | Research | Pikeman (upgrade) |
| 26:08 | Create | Spearman |
| 26:15 | Create | Spearman |
| 26:17 | Create | Scorpion |
| 26:21 | Build | Farm |
| 26:21 | Build | Farm |
Match timeline
| 4:32 | Ux'LobodeLaNieve · first_building Barracks |
| 5:14 | twitch.tv/s0laf1d3 · first_building Barracks |
| 7:20 | Ux'LobodeLaNieve · wall_segment Palisade Wall x1 |
| 7:21 | Ux'LobodeLaNieve · wall_segment Palisade Wall x1 |
| 7:24 | twitch.tv/s0laf1d3 · wall_segment Palisade Wall x1 |
| 7:24 | twitch.tv/s0laf1d3 · wall_segment Palisade Wall x1 |
| 7:26 | twitch.tv/s0laf1d3 · wall_segment Palisade Wall x1 |
| 7:26 | twitch.tv/s0laf1d3 · wall_segment Palisade Wall x1 |
| 7:29 | Ux'LobodeLaNieve · wall_segment Palisade Wall x1 |
| 7:30 | Ux'LobodeLaNieve · wall_segment Palisade Wall x1 |
| 7:31 | Ux'LobodeLaNieve · wall_segment Palisade Wall x1 |
| 7:33 | twitch.tv/s0laf1d3 · wall_segment Palisade Wall x1 |
| 7:34 | twitch.tv/s0laf1d3 · wall_segment Palisade Wall x1 |
| 7:34 | twitch.tv/s0laf1d3 · wall_segment Palisade Wall x1 |
| 7:34 | twitch.tv/s0laf1d3 · wall_segment Palisade Wall x1 |
| 7:36 | Ux'LobodeLaNieve · wall_segment Palisade Wall x1 |
| 7:38 | Ux'LobodeLaNieve · wall_segment Palisade Wall x1 |
| 7:39 | Ux'LobodeLaNieve · wall_segment Palisade Wall x1 |
| 7:40 | Ux'LobodeLaNieve · wall_segment Palisade Wall x1 |
| 7:41 | Ux'LobodeLaNieve · wall_segment Palisade Wall x1 |
| 9:17 | twitch.tv/s0laf1d3 · age_up feudal |
| 9:24 | Ux'LobodeLaNieve · wall_segment Palisade Wall x1 |
| 9:26 | Ux'LobodeLaNieve · wall_segment Palisade Wall x1 |
| 9:29 | Ux'LobodeLaNieve · wall_segment Palisade Wall x3 |
| 9:35 | Ux'LobodeLaNieve · wall_segment Palisade Wall x3 |
| 9:36 | Ux'LobodeLaNieve · wall_segment Palisade Wall x1 |
| 9:39 | Ux'LobodeLaNieve · wall_segment Palisade Wall x1 |
| 9:59 | Ux'LobodeLaNieve · wall_segment Palisade Wall x1 |
| 10:01 | Ux'LobodeLaNieve · wall_segment Palisade Wall x1 |
| 10:48 | Ux'LobodeLaNieve · wall_segment Palisade Wall x1 |
| 11:01 | Ux'LobodeLaNieve · wall_segment Palisade Wall x1 |
| 11:02 | Ux'LobodeLaNieve · wall_segment Palisade Wall x1 |
| 11:03 | Ux'LobodeLaNieve · wall_segment Palisade Wall x1 |
| 11:16 | twitch.tv/s0laf1d3 · wall_segment Palisade Wall x1 |
| 11:17 | twitch.tv/s0laf1d3 · wall_segment Palisade Wall x1 |
| 11:20 | twitch.tv/s0laf1d3 · wall_segment Palisade Wall x1 |
| 11:21 | twitch.tv/s0laf1d3 · wall_segment Palisade Wall x1 |
| 11:21 | twitch.tv/s0laf1d3 · wall_segment Palisade Wall x1 |
| 11:22 | twitch.tv/s0laf1d3 · wall_segment Palisade Wall x1 |
| 11:47 | Ux'LobodeLaNieve · age_up feudal |
| 12:05 | Ux'LobodeLaNieve · wall_segment Palisade Wall x1 |
| 12:43 | Ux'LobodeLaNieve · first_building Archery Range |
| 15:43 | twitch.tv/s0laf1d3 · first_market_buy 500 food |
| 15:43 | twitch.tv/s0laf1d3 · first_market_sell 100 wood |
| 16:27 | Ux'LobodeLaNieve · age_up castle |
| 18:41 | twitch.tv/s0laf1d3 · age_up castle |
| 19:31 | twitch.tv/s0laf1d3 · first_building Siege Workshop |
| 23:06 | Ux'LobodeLaNieve · first_market_buy 100 food |
| 25:03 | Ux'LobodeLaNieve · first_building Siege Workshop |
| 27:07 | Ux'LobodeLaNieve · first_building Monastery |
| 30:24 | Ux'LobodeLaNieve · first_building Castle |
| 31:05 | twitch.tv/s0laf1d3 · first_building Castle |
| 34:33 | Ux'LobodeLaNieve · first_market_sell 100 food |
| 35:51 | Ux'LobodeLaNieve · age_up imperial |
| 39:15 | twitch.tv/s0laf1d3 · age_up imperial |
| 42:06 | twitch.tv/s0laf1d3 · resign |
[ AI ANALYSIS · 1 CREDIT ]
What really happened in this match?
Wolo.gg analyzes every decision: build order, eco, micro, common mistakes by bracket. Personalized analysis on WhatsApp or Discord in 30 seconds.
Civ guide
Mapuche
Perfil
Jugador #3317764